General information
- name: BNet
- type: Ladder team game (AT/RT)
- host: Battle.net
- saver: imah
map: PhantomGrove
- players: 4
- length: 10:07
- speed: Fast
- version: 1.26 W3XP
- replay type: Public
» download(71 KB)
Players
team 1 (winner)

»
Gilbert (
blue | 215 APM | 2178 actions | 10:07)
3 Mountain King
2 Storm Bolt
1 Thunder Clap
» actions
| Assign group hotkey | 384 | |
| Basic commands | 38 | |
| Build / train | 67 | |
| Enter build submenu | 15 | |
| Enter hero's abilities submenu | 4 | |
| Give item / drop item | 3 | |
| Remove unit from queue | 4 | |
| Right click | 900 | |
| Select / deselect | 221 | |
| Select group hotkey | 484 | |
| Use ability | 58 | |
2178 total
» units
| Peasant | 18 | |
| Footman | 9 | |
| Rifleman | 1 | |
28 total
» upgrades
| Masonry | 1 | |
| Defend | 1 | |
| Armor | 1 | |
| Long Rifles | 1 | |
4 total
» buildings
| Altar of Kings | 1 | |
| Farm | 4 | |
| Barracks | 2 | |
| Lumber Mill | 1 | |
| Scout Tower | 2 | |
| Town Hall | 1 | |
| Arcane Tower | 6 | |
| Keep | 3 | |
| Arcane Vault | 1 | |
| Blacksmith | 2 | |
| Castle | 3 | |
26 total
» build order
00:05 Altar of Kings
00:19 Farm
00:21 Barracks
00:49 Farm
01:55 Lumber Mill
02:05 Farm
02:39 Farm
05:04 Scout Tower
05:19 Town Hall
05:23 Scout Tower
05:38 Arcane Tower
05:38 Arcane Tower
05:39 Arcane Tower
05:54 Arcane Tower
05:54 Arcane Tower
05:55 Arcane Tower
07:18 Keep
07:18 Keep
07:42 Arcane Vault
07:46 Blacksmith
08:44 Blacksmith
08:46 Barracks
09:44 Castle
09:44 Castle
» items
| Lesser Clarity Potion | 2 | |
| Scroll of Regeneration | 2 | |
| Scroll of Healing | 1 | |
| Scroll of Protection | 1 | |
6 total

»
imah (
teal | 164 APM | 1665 actions | 10:07)
3 Death Knight
2 Death Coil
1 Unholy Aura
1 Lich
1 Frost Nova
» actions
| Assign group hotkey | 30 | |
| Build / train | 39 | |
| ESC pressed | 1 | |
| Enter build submenu | 11 | |
| Enter hero's abilities submenu | 4 | |
| Give item / drop item | 1 | |
| Right click | 722 | |
| Select / deselect | 171 | |
| Select group hotkey | 633 | |
| Use ability | 53 | |
1665 total
» units
| Acolyte | 2 | |
| Ghoul | 3 | |
| Crypt Fiend | 13 | |
| Obsidian Statue | 2 | |
20 total
» upgrades
| Creature Attack | 1 | |
| Burrow | 1 | |
| Web | 1 | |
3 total
» buildings
| Graveyard | 1 | |
| Crypt | 1 | |
| Altar of Darkness | 1 | |
| Ziggurat | 4 | |
| Tomb of Relics | 1 | |
| Halls of the Dead | 1 | |
| Nerubian Tower | 1 | |
| Slaughterhouse | 1 | |
| Black Citadel | 2 | |
13 total
» build order
00:15 Graveyard
00:16 Crypt
00:47 Altar of Darkness
01:01 Ziggurat
01:23 Tomb of Relics
02:04 Ziggurat
04:45 Ziggurat
05:08 Halls of the Dead
05:45 Nerubian Tower
07:45 Slaughterhouse
07:55 Ziggurat
08:38 Black Citadel
08:38 Black Citadel
» items
team 2 (loser)
Ass.Hole (
yellow | 101 APM | 1018 actions | 10:04)
2 Mountain King
1 Storm Bolt
1 Bash
» actions
| Assign group hotkey | 28 | |
| Build / train | 43 | |
| Enter build submenu | 27 | |
| Enter hero's abilities submenu | 2 | |
| Give item / drop item | 1 | |
| Remove unit from queue | 3 | |
| Right click | 504 | |
| Select / deselect | 124 | |
| Select group hotkey | 240 | |
| Use ability | 46 | |
1018 total
» units
» buildings
| Altar of Kings | 1 | |
| Barracks | 1 | |
| Farm | 6 | |
| Scout Tower | 14 | |
| Arcane Tower | 1 | |
| Keep | 1 | |
| Arcane Vault | 1 | |
| Lumber Mill | 1 | |
| Guard Tower | 5 | |
| Castle | 1 | |
| Gryphon Aviary | 2 | |
34 total
» build order
00:07 Altar of Kings
00:10 Barracks
00:21 Farm
00:57 Farm
01:38 Scout Tower
02:08 Arcane Tower
02:18 Farm
02:59 Farm
04:17 Keep
04:25 Arcane Vault
04:27 Scout Tower
04:42 Lumber Mill
05:15 Scout Tower
05:16 Scout Tower
05:17 Scout Tower
05:18 Scout Tower
05:19 Scout Tower
05:53 Guard Tower
06:09 Guard Tower
06:10 Guard Tower
06:18 Farm
06:19 Farm
07:01 Scout Tower
07:03 Scout Tower
07:04 Scout Tower
07:06 Scout Tower
07:31 Guard Tower
07:56 Castle
07:59 Guard Tower
07:59 Guard Tower
07:59 Guard Tower
08:41 Scout Tower
08:42 Scout Tower
08:43 Scout Tower
08:47 Gryphon Aviary
08:50 Gryphon Aviary
09:18 Guard Tower
» items
| Scroll of Regeneration | 2 | |
| Lesser Clarity Potion | 2 | |
4 total
TAX_MAN_OBAMA (
green | 89 APM | 895 actions | 10:06)
2 Mountain King
1 Storm Bolt
1 Bash
» actions
| Assign group hotkey | 14 | |
| Basic commands | 12 | |
| Build / train | 39 | |
| Enter build submenu | 35 | |
| Enter hero's abilities submenu | 2 | |
| Give item / drop item | 1 | |
| Right click | 333 | |
| Select / deselect | 131 | |
| Select group hotkey | 280 | |
| Use ability | 48 | |
895 total
» units
» upgrades
» buildings
| Altar of Kings | 1 | |
| Barracks | 1 | |
| Farm | 8 | |
| Lumber Mill | 1 | |
| Town Hall | 1 | |
| Scout Tower | 23 | |
| Guard Tower | 7 | |
| Arcane Vault | 2 | |
| Keep | 1 | |
| Castle | 1 | |
46 total
» build order
00:12 Altar of Kings
00:22 Barracks
00:35 Farm
00:50 Farm
01:29 Farm
02:05 Farm
02:36 Lumber Mill
03:14 Town Hall
03:18 Scout Tower
03:19 Scout Tower
03:23 Scout Tower
03:26 Scout Tower
04:14 Guard Tower
04:23 Scout Tower
04:32 Scout Tower
04:48 Arcane Vault
05:15 Guard Tower
05:21 Farm
05:44 Scout Tower
05:45 Scout Tower
05:53 Scout Tower
05:54 Scout Tower
05:56 Scout Tower
06:06 Scout Tower
06:07 Scout Tower
06:13 Scout Tower
06:14 Guard Tower
06:29 Scout Tower
06:30 Scout Tower
06:31 Scout Tower
07:20 Keep
07:38 Guard Tower
07:43 Guard Tower
07:49 Arcane Vault
07:56 Scout Tower
07:57 Scout Tower
08:02 Farm
08:03 Farm
08:05 Farm
08:07 Scout Tower
08:07 Scout Tower
08:08 Scout Tower
08:10 Scout Tower
08:33 Guard Tower
09:22 Guard Tower
09:48 Castle
» items
| Lesser Clarity Potion | 2 | |
| Scroll of Town Portal | 1 | |
| Potion of Healing | 1 | |
4 total
Chat log
(00:05 / Allies) imah: its
(00:05 / Allies) imah: tom
(00:06 / Allies) Gilbert: i have a really
(00:08 / Allies) Gilbert: good strat like that
(00:11 / Allies) imah: what do u wanna do
(00:23 / Allies) Gilbert: ur sure its him?
(00:25 / Allies) imah: yes
(00:27 / Allies) Gilbert: wanan dk fiends
(00:28 / Allies) Gilbert: mk footies
(00:29 / Allies) imah: k
(00:31 / Allies) Gilbert: push / maybe expo ?
(00:37 / All) Ass.Hole: HEY SCUM
(00:38 / All) Ass.Hole: U WON?
(00:41 / All) imah: yes
(00:48 / All) Ass.Hole: IM TALKING NOW
(00:52 / All) imah: you wont be
(00:53 / All) Ass.Hole: AND ILL BE TALKIN LATER
(00:54 / All) Ass.Hole: LOL
(00:55 / All) imah: in approx 10 mins
(01:13 / All) imah: what does it feel like
(01:18 / All) imah: to hack and lose to 50% legit elfs
(01:19 / All) imah: ?
(01:26 / All) Ass.Hole: HUH?
(01:28 / All) imah: ??
(01:33 / All) Ass.Hole: I DONT SPEAK NOOB
(01:35 / All) Ass.Hole: HELP ME OUT
(01:37 / All) imah: wat
(01:57 / Allies) imah: ud v hum
(02:00 / Allies) imah: is one of my weaker mus
(02:00 / Allies) imah: btw
(02:11 / Allies) Gilbert: ya
(02:12 / Allies) Gilbert: just get l3
(02:26 / Allies) Gilbert: ill expo and footie mass and then we push?
(02:27 / Allies) imah: im not good with the whole skelescout thing
(02:29 / Allies) imah: sure
(03:01 / Allies) Gilbert: do this oj
(03:02 / Allies) Gilbert: together?
(03:08 / Allies) imah: ..
(03:08 / Allies) imah: k
(03:14 / Allies) Gilbert: after lets do the corner and ill expo it
(03:16 / Allies) Gilbert: h
(03:59 / Allies) imah: ..
(04:22 / Allies) imah: this is so gay
(04:24 / Allies) Gilbert: now ille xpo it
(04:29 / Allies) Gilbert: ya that hard
(04:35 / Allies) imah: i have no way
(04:36 / Allies) Gilbert: w. ud
(04:38 / Allies) imah: to save fiend
(04:44 / Allies) Gilbert: get ams
(04:46 / Allies) Gilbert: later with banshee
(05:04 / Allies) imah: ls
(05:05 / Allies) imah: gg
(05:09 / Allies) Gilbert: nice
(05:11 / Allies) Gilbert: u can cast on me
(05:12 / Allies) Gilbert: i have hp pot
(05:21 / Allies) imah: where to now captin
(05:28 / Allies) Gilbert: wanna hit
(05:29 / Allies) Gilbert: yellows base?
(05:32 / Allies) imah: jesus
(05:33 / Allies) imah: christ
(05:46 / Allies) Gilbert: lets do this first
(05:47 / Allies) Gilbert: close to 3
(06:13 / Allies) Gilbert: yellows base?
(06:14 / Allies) imah: y
(06:17 / Allies) imah: ye
(06:43 / Allies) Gilbert: run
(06:54 / Allies) Gilbert: ls me
(07:01 / Allies) Gilbert: lks me
(08:04 / All) imah: u guys ok?
(08:08 / Allies) Gilbert: wanan creep our shop or hit
(08:13 / All) imah: need to get ur asthma pump?
(08:15 / All) imah: we can wait
(08:17 / All) Ass.Hole: WOW U BEAT DOUBLE HU ON A SHITTY MAP
(08:17 / Allies) imah: pause
(08:18 / Allies) Gilbert: do our shop im bringing clarity
(08:19 / All) Ass.Hole: LOL
(08:22 / Allies) imah: pause
(08:24 / All) TAX_MAN_OBAMA: NO KIDDING
(08:27 / All) imah: last time
(08:27 / Allies) Gilbert: lets do this shop then hit
(08:30 / All) Ass.Hole: LIKEWISE
(08:31 / All) imah: now u got ur just desserts
(08:53 / All) imah: ur forgetting
(08:54 / All) imah: We won
(08:56 / All) imah: Without maphack
(08:58 / Allies) Gilbert: there calrity
(09:01 / Allies) imah: thnx
(09:01 / All) Ass.Hole: LOL?
(09:08 / Allies) Gilbert: yellow main?
(09:11 / Allies) imah: ye
(09:49 / Allies) imah: i got ls
(09:53 / Allies) Gilbert: k ls mk when im in